 Dungeon Crawl Stone Soup version 0.16.1-12-gf5c4a84 (webtiles) character file.

887 hulla the Changer (level 8, -3/50 HPs)
             Began as an Octopode Transmuter on Apr 8, 2015.
             Killed from afar by Sigmund (10 damage)
             ... with a magic dart
             ... on level 6 of the Dungeon.
             The game lasted 00:30:31 (6545 turns).

hulla the Changer (Octopode Transmuter)             Turns: 6545, Time: 00:30:31

Health: -3/50      AC:  2    Str:  9    XL:     8   Next: 5%
Magic:  7/13       EV: 21    Int: 18    God:
Gold:   263        SH:  0    Dex: 17    Spells: 4 memorised, 1 level left

rFire  + . .     SeeInvis .       - Unarmed
rCold  x . .     Clarity  .     (shield currently unavailable)
rNeg   . . .     SustAb   +     (helmet currently unavailable)
rPois  x         Gourm    .     (no amulet)
rElec  .         Spirit   .     o - ring of sustain abilities
rCorr  .         Warding  .     u - ring of fire
rMut   .         Stasis   .     (no ring)
MR     .....                    (no ring)
Stlth  ++........               (no ring)
                                (no ring)
                                (no ring)
                                (no ring)

@: lethally poisoned (-3 -> -10), about to teleport, spider-form, not resistant
to hostile enchantments, unstealthy
A: almost no armour, amphibious, 8 rings, (constrict 8), (camouflage 0),
(gelatinous body 0)
a: End Transformation


You were on level 6 of the Dungeon.
You were hungry.
You were a venomous arachnid creature.
You visited 2 branches of the dungeon, and saw 7 of its levels.

You collected 263 gold pieces.

Inventory:

Hand weapons
 k - a cursed -2 dagger
 C - a +0 blowgun
Missiles
 b - 77 arrows
 e - 20 sling bullets
 g - 13 stones (quivered)
 D - a poisoned needle
Jewellery
 o - a ring of sustain abilities (left front leg)
 u - a ring of fire (right front leg)
Magical devices
 s - a wand of random effects (31)
Scrolls
 i - a scroll of immolation
 j - 4 scrolls of teleportation
 n - 2 scrolls of remove curse
 q - 2 scrolls of identify
 t - 2 scrolls of recharging
 w - a scroll of enchant weapon
 x - a scroll of fear
 y - a scroll of random uselessness {unknown}
Potions
 c - 2 potions of curing
 h - a potion of brilliance
 m - a potion of heal wounds
 p - a potion of might
 r - a potion of agility
 v - a potion of cancellation
 A - a potion of restore abilities {unknown}
 B - 2 potions of flight
Books
 d - a book of Changes

   Spells                             Type                      Level
   a - Beastly Appendage              Transmutation                1
   b - Sticks to Snakes               Transmutation                2
   c - Spider Form                    Transmutation/Poison         3
   d - Ice Form                       Ice/Transmutation            4
   e - Blade Hands                    Transmutation                5
Comestibles
 a - 6 bread rations
 f - 2 meat rations
 l - a beef jerky
 z - 9 chunks of flesh


   Skills:
 - Level 2.2 Fighting
 - Level 3.7 Dodging
 - Level 3.0 Unarmed Combat
 - Level 2.0 Spellcasting
 + Level 5.2 Transmutations
 + Level 4.7 Ice Magic
 - Level 4.2 Poison Magic


You had one spell level left.
You knew the following spells:

 Your Spells              Type           Power        Failure   Level  Hunger
a - Beastly Appendage     Trmt           ###...       8%          1    #......
b - Spider Form           Trmt/Pois      ###.......   24%         3    ###....
c - Sticks to Snakes      Trmt           ###.......   12%         2    ###....
d - Ice Form              Ice/Trmt       #.......     50%         4    #####..


Dungeon Overview and Level Annotations

Branches:
Dungeon (6/15)             Temple (1/1) D:6

Altars:
Ashenzari
Cheibriados
Dithmenos
Fedhas
Gozag
Kikubaaqudgha
Sif Muna
Trog
Vehumet
Xom
Yredelemnul
Zin
The Shining One

Shops:
D:4 [   D:5 *

Annotations:
D:6 Sigmund


Innate Abilities, Weirdness & Mutations

You cannot wear most types of armour.
You are amphibious.
You can wear up to eight rings at the same time.
((You can use your tentacles to constrict many enemies at once.))
((Your skin changes colour to match your surroundings (Stealth).))
((Your rubbery body absorbs attacks (AC +1).))


Message History

You closely miss something. The jackal misses you.
The jackal completely misses you. Something hits you. The jackal misses you.
Some of the chunks of flesh in your inventory have rotted away.
You hit something. The jackal barely misses you.
The jackal completely misses you. x2
The worker ant bites you.
You are poisoned.
The worker ant poisons you! Something hits you!
* * * LOW HITPOINT WARNING * * *
Read which item? (? for menu, Esc to quit)
As you read the scroll of teleportation, it crumbles to dust.
You feel strangely unstable.
* * * LOW HITPOINT WARNING * * *
You feel sick. The jackal misses you. The jackal barely misses you.
The worker ant completely misses you.
* * * LOW HITPOINT WARNING * * *
You feel sick.
You hear some strange, mumbled words.
The magic dart hits you!
You die...

#.# .#.......###...# ..
.#............). #####.
#.#........⌠..>..
......##.#..............
.......#.##+#....###...#
#.......#.##.#......#.⌠.#
#.(.....ah...#......#...#
#......#h.####...........
..... #s.#...........##.
.... +S.#......#.......
?.. #..#.S...##....### .
#.>...............
############+####. #. #.
#. #.


You could see a worker ant, 2 jackals and a friendly water moccasin.

Vanquished Creatures
  A giant frog (D:5)
  A giant frog zombie (D:5)
  A hound (D:5)
  3 crimson imps
  A jelly (D:6)
  2 orc priests (D:6)
  An iguana (D:4)
  A giant frog skeleton (D:6)
  2 orc wizards
  A centaur skeleton (D:6)
  2 worker ants
  Jessica (D:2)
  5 gnolls
  9 adders
  2 worms (D:2)
  2 giant mites
  An adder skeleton (D:5)
  4 giant geckos
  2 oozes (D:3)
  9 orcs
  4 ball pythons
  A bat skeleton (D:4)
  4 giant cockroaches
  7 hobgoblins
  A quokka (D:5)
  10 bats
  A giant gecko skeleton (D:4)
  6 giant newts
  9 goblins
  6 jackals
  14 kobolds
  A quokka skeleton (D:4)
  13 rats
128 creatures vanquished.

Vanquished Creatures (collateral kills)
  The ghost of 4thArraOfDagon the Skirmisher, an average OpAr (D:6)
  A quasit (D:5)
2 creatures vanquished.

Grand Total: 130 creatures vanquished

Notes
Turn   | Place    | Note
--------------------------------------------------------------
     0 | D:1      | hulla, the Octopode Transmuter, began the quest for the Orb.
     0 | D:1      | Reached XP level 1. HP: 13/13 MP: 3/3
   213 | D:1      | Reached XP level 2. HP: 18/18 MP: 2/4
   372 | D:1      | Reached XP level 3. HP: 23/23 MP: 6/6
   377 | D:1      | Learned a level 3 spell: Spider Form
   380 | D:1      | Learned a level 2 spell: Sticks to Snakes
  1046 | D:2      | Reached skill level 1 in Poison Magic
  1047 | D:2      | Noticed an angel
  1048 | D:2      | Found a shimmering altar of Xom.
  1048 | D:2      | Found a glowing silver altar of Zin.
  1154 | D:2      | Reached XP level 4. HP: 17/28 MP: 4/7
  1350 | D:2      | Reached skill level 4 in Transmutations
  2018 | D:2      | Noticed a moth of wrath
  2018 | D:2      | Noticed Jessica
  2021 | D:2      | Killed Jessica
  2022 | D:2      | Found a bloodstained altar of Trog.
  2390 | D:2      | Reached XP level 5. HP: 27/33 MP: 7/9
  2593 | D:3      | Found a shadowy altar of Dithmenos.
  3701 | D:4      | Reached XP level 6. HP: 25/38 MP: 6/10
  3707 | D:5      | Entered Level 5 of the Dungeon
  4223 | D:4      | Found a basalt altar of Yredelemnul.
  4459 | D:4      | Found Shrism's Antique Armour Emporium.
  4704 | D:5      | Reached XP level 7. HP: 16/45 MP: 8/12
  4725 | D:5      | Learned a level 4 spell: Ice Form
  4928 | D:5      | Reached skill level 1 in Ice Magic
  5201 | D:5      | Found Ghixt's Assorted Antiques.
  5275 | D:5      | Found a blossoming altar of Fedhas.
  5463 | D:6      | Found a staircase to the Ecumenical Temple.
  5482 | Temple   | Entered the Ecumenical Temple
  6357 | D:6      | Noticed 4thArraOfDagon's ghost (average OpAr)
  6369 | D:6      | Killed 4thArraOfDagon's ghost
  6409 | D:6      | Reached skill level 5 in Transmutations
  6459 | D:6      | Reached XP level 8. HP: 43/50 MP: 10/13
  6519 | D:6      | Noticed Sigmund
  6545 | D:6      | Killed from afar by Sigmund

Action                   |  1- 3 |  4- 6 |  7- 9 || total
-------------------------+-------+-------+-------++-------
Melee: Unarmed           |    80 |   177 |    96 ||   353
Throw: Stone             |     9 |     8 |     3 ||    20
 Cast: Beastly Appendage |    13 |    10 |     3 ||    26
       Spider Form       |     2 |    21 |    13 ||    36
       Sticks to Snakes  |       |     3 |     5 ||     8
       Ice Form          |       |       |     1 ||     1
 Abil: End Transformatio |       |     2 |     4 ||     6
  Use: Scroll            |     4 |     6 |     1 ||    11
       Potion            |     5 |     4 |       ||     9
 Stab: Sleeping          |     5 |     3 |       ||     8
  Eat: Chunk             |     1 |    13 |     8 ||    22
       Pizza             |       |     1 |       ||     1
